 Dungeon Crawl Stone Soup version 0.24.0-29-g8ce449bc06 (webtiles) character file.

Game seed: 6682787129483948007, levelgen mode: deterministic

635 theswoord the Chopper (level 7, 0/66 HPs)
             Began as a Deep Dwarf Fighter on Nov 13, 2019.
             Slain by a sky beast (3 damage)
             ... on level 5 of the Dungeon.
             The game lasted 00:05:09 (2914 turns).

theswoord the Chopper (Deep Dwarf Fighter)          Turns: 2914, Time: 00:05:09

Health: 0/66       AC:  9    Str: 19    XL:     7   Next: 25%
Magic:  0/5        EV:  7    Int:  9    God:
Gold:   155        SH: 10    Dex: 14    Spells: 6/6 levels left

rFire    . . .     SeeInvis .   a - +0 war axe
rCold    . . .     Gourm    .   c - +0 shield
rNeg     . . .     Faith    .   b - +0 scale mail
rPois    .         Spirit   +   (no helmet)
rElec    .         Reflect  .   j - +1 cloak
rCorr    .         Harm     .   (no gloves)
MR       +....                  (no boots)
Stlth    ..........             u - amulet of guardian spirit
HPRegen  0.00/turn              o - ring of attention
MPRegen  0.09/turn              (no ring)

@: non-regenerating
A: damage resistance, heal wounds, sense surroundings 1, no regeneration
a: Heal Wounds


You were on level 5 of the Dungeon.
You were not hungry.

You visited 1 branch of the dungeon, and saw 5 of its levels.

You collected 155 gold pieces.

Inventory:

Hand Weapons
 a - a +0 war axe (weapon)
Armour
 b - a +0 scale mail (worn)
 c - a +0 shield (worn)
 j - a +1 cloak (worn)
Jewellery
 o - a ring of attention (left hand)
 u - an amulet of guardian spirit (around neck)
Wands
 e - a wand of iceblast (2)
Scrolls
 h - 3 scrolls of teleportation
 s - a scroll of immolation {unknown}
 w - a scroll of holy word {unknown}
Potions
 d - 2 potions of might
 g - 2 potions of mutation
 i - a potion of lignification
 k - a potion of brilliance
 l - a potion of invisibility {unknown}
 m - 2 potions of flight
 p - a potion of degeneration
 q - a potion of curing {unknown}
 r - a potion of ambrosia {unknown}
 t - 3 potions of heal wounds {unknown}
 v - a potion of agility {unknown}
Comestibles
 f - 4 rations
 n - 9 chunks of flesh


   Skills:
 + Level 4.4 Fighting
 * Level 6.5 Axes
 - Level 3.2 Armour
 + Level 5.3 Shields


You had 6 spell levels left.
You didn't know any spells.
Your spell library was empty.

Dungeon Overview and Level Annotations

Branches:
Dungeon (5/15)
 Temple: D:4-7

Altars:
Nemelex Xobeh
Yredelemnul

Shops:
D:4 (


Innate Abilities, Weirdness & Mutations

You are resistant to damage.
You can heal yourself by infusing magical energy.
You passively map a small area around you.
You do not regenerate.


Message History

The sky beast flickers out of sight!
Deactivating autopickup; reactivate with Ctrl-A.
You block something's attack.
Your shield prevents you from hitting something.
Something hits you but does no damage.
You miss something. Something hits you. Something shocks you.
* * * LOW HITPOINT WARNING * * *
No target in view!
No target in view!
No target in view!
You slash something! Something hits you.
* * * LOW HITPOINT WARNING * * *
Something shocks you.
* * * LOW HITPOINT WARNING * * *
Something hits you but does no damage.
You barely miss something. You block something's attack.
You miss something. Something hits you.
* * * LOW HITPOINT WARNING * * *
Something shocks you.
You die...

* * ##### #...##
#....## * ##.##..## ,
* #..###..##
.########.## ##..##
.......@..# ##..#
.........## ##.# * *
########## #.# * ##.#
### #..# #..# ##..##
##....**#..# * #.....#
##...... #..#
.......##...##..###.##
* ,#.........#
#..##..#


There were no monsters in sight!

Vanquished Creatures
  Menkaure (D:4)
  An ogre (D:4)
  A scorpion (D:4)
  3 orc wizards
  An orc priest (D:4)
  2 hounds (D:4)
  A worker ant (D:4)
  An iguana (D:4)
  A hound skeleton (D:4)
  8 adders
  An ooze (D:4)
  A worm (D:2)
  2 leopard geckos
  12 orcs
  2 giant cockroaches
  8 goblins
  3 hobgoblins
  2 jackals (D:1)
  4 quokkas
  2 ball pythons (D:1)
  5 bats
  8 frilled lizards
  A jackal skeleton (D:4)
  5 kobolds
  A leopard gecko skeleton (D:4)
  4 rats
81 creatures vanquished.

Notes
Turn   | Place    | Note
-------+----------+-------------------------------------------
     0 | D:1      | theswoord the Deep Dwarf Fighter began the quest for the
                  | Orb.
     0 | D:1      | Reached XP level 1. HP: 20/20 MP: 1/1
   123 | D:1      | Reached XP level 2. HP: 27/27 MP: 2/2
   258 | D:1      | Reached skill level 3 in Axes
   496 | D:2      | Reached XP level 3. HP: 21/34 MP: 3/3
   619 | D:2      | Found a basalt altar of Yredelemnul.
   955 | D:2      | Reached XP level 4. HP: 14/42 MP: 4/4
  1181 | D:3      | Reached skill level 4 in Axes
  1919 | D:3      | Reached XP level 5. HP: 45/49 MP: 0/5
  2104 | D:4      | Found a sparkling altar of Nemelex Xobeh.
  2224 | D:4      | Reached skill level 5 in Axes
  2421 | D:4      | Reached XP level 6. HP: 31/57 MP: 0/6
  2461 | D:4      | Noticed Menkaure
  2473 | D:4      | Killed Menkaure
  2602 | D:4      | Found Naesen's Weapon Emporium.
  2620 | D:4      | Reached skill level 6 in Axes
  2620 | D:4      | Reached skill level 5 in Shields
  2626 | D:4      | Reached XP level 7. HP: 42/64 MP: 0/7
  2832 | D:5      | Entered Level 5 of the Dungeon
  2914 | D:5      | HP: 3/66 [something (2)]
  2914 | D:5      | Slain by a sky beast

Skill      XL: |  1  2  3  4  5  6 |
---------------+-------------------+-----
Axes           | 3 4 5 6 |  6.5
Fighting       | 3 4 |  4.4
Shields        | 4 5 |  5.3
Armour         | |  3.2

Action                   |  1- 3 |  4- 6 |  7- 9 || total
-------------------------+-------+-------+-------++-------
Melee: War axe           |    86 |   170 |    54 ||   310
 Abil: Heal Wounds       |       |     3 |     2 ||     5
  Use: Scroll            |       |     9 |       ||     9
  Eat: Chunk             |       |     6 |     1 ||     7
Armor: Scale mail        |    34 |    54 |    36 ||   124
Dodge: Dodged            |    26 |    63 |    17 ||   106
Block: Shield            |    51 |    81 |    39 ||   171

Levels and vault maps discovered:
D:1:      lightli_arrival_isolated_outpost, layout_rooms, nrook_uturn,
          minmay_misc_feat_pillars
D:2:      layout_basic, minmay_misc_feat_diagonals, minmay_misc_feat_alley,
          yredelemnul_altar_generic
D:3:      layout_basic
D:4:      layout_loops_corners, first_ration, serial_shops, nicolae_shop_trees,
          nemelex_dance_club_becter, uniq_menkaure
D:5:      layout_layer_cave, hangedman_decor_opposing, uniq_edmund
